 Dungeon Crawl Stone Soup version 0.20-a0-16-g0876c8e (webtiles) character file.

279 GordonOverkill the Chopper (level 6, -1/52 HPs)
             Began as a Hill Orc Wanderer on Nov 4, 2016.
             Killed by divine providence
             ... invoked by an orc priest
              (11 damage)
             ... on level 4 of the Dungeon.
             The game lasted 00:08:20 (4702 turns).

GordonOverkill the Chopper (Hill Orc Wanderer)      Turns: 4702, Time: 00:08:21

Health: -1/52      AC:  8    Str: 17    XL:     6   Next: 26%
Magic:  6/6        EV:  9    Int: 11    God:
Gold:   132        SH:  0    Dex: 14    Spells: 0 memorised, 5 levels left

rFire  . . .     SeeInvis .     p - +0 war axe
rCold  . . .     Gourm    .     e - +0 scale mail
rNeg   . . .     Faith    .     (no shield)
rPois  .         Spirit   .     (no helmet)
rElec  .         Reflect  .     (no cloak)
rCorr  .         Harm     .     q - +1 pair of gloves
MR     .....                    (no boots)
Stlth  +.........               (no amulet)
                                j - +3 ring of dexterity
                                h - -2 ring of slaying (curse)

@: lethally poisoned (-1 -> -5)
A: no striking features
a: Convert to Beogh


You were on level 4 of the Dungeon.
You were very hungry.

You visited 1 branch of the dungeon, and saw 5 of its levels.

You collected 132 gold pieces.

Inventory:

Hand Weapons
 p - a +0 war axe (weapon)
Armour
 e - a +0 scale mail (worn)
 q - a +1 pair of gloves (worn)
Jewellery
 d - an uncursed ring of positive energy
 h - a cursed -2 ring of slaying (left hand)
 i - an uncursed ring of flight
 j - a +3 ring of dexterity (right hand)
 m - a +2 ring of strength {unknown}
Potions
 a - a potion of agility
 l - 3 potions of brilliance
 n - a potion of magic
Comestibles
 f - 3 bread rations
 r - 2 meat rations


   Skills:
 - Level 4.0 Fighting
   Level 3.2 Long Blades
 + Level 6.5 Axes
   Level 1.0 Staves
 - Level 1.0 Dodging
 - Level 2.4 Stealth
 - Level 1.0 Evocations


You had 5 spell levels left.
You didn't know any spells.

Dungeon Overview and Level Annotations

Branches:
Dungeon (5/15)
 Temple: D:4-7

Altars:
Elyvilon
Trog

Annotations:
D:3 1 exclusion, Sigmund


Message History

The orc priest is moderately wounded.
You barely miss the worker ant. You barely miss the adder.
You feel sick. The worker ant closely misses you. The adder closely misses you.
The orc priest closely misses you. The worker ant closely misses you.
Unknown command.
You hit the orc priest.
The orc priest is heavily wounded.
You hit the adder. You closely miss the worker ant.
You feel sick.
The orc priest shouts, "Surrender to Beogh and we'll let you live!"
The adder bites you but does no damage. The worker ant closely misses you.
The orc priest hits you but does no damage.
The adder bites you but does no damage.
You hit the orc priest.
The orc priest is heavily wounded.
The orc priest shouts, "Join the one true god or die!"
You hit the adder. You hit the worker ant.
You feel sick. The worker ant barely misses you.
The orc priest mumbles some strange prayers to Beogh against you.
Beogh smites you!
You die...

........# ........#
##............ .......##
##............. ###......#####
#.............. .........#...#
#..............
#.......#.#.######..............
###.$....#.#.....##..............
..............)o@##..............
.#....####.####aS<†...(..........
......##.....##.........(.(......
.....o#.......#..................
......#.....=÷#..................
.........._..................####
......#.......#.............(#
##....#.......#.....#........#
###..##.o...##....S##.......#


You could see a worker ant, an orc priest and an adder.

Vanquished Creatures
  A bullfrog (D:4)
  Ijyb (D:3)
  An iguana (D:4)
  A worker ant (D:4)
  An orc wizard (D:4)
  3 adders
  An ooze (D:1)
  3 worms
  A dart slug (D:1)
  4 leopard geckos
  5 orcs
  4 giant cockroaches
  6 goblins
  4 hobgoblins
  3 jackals
  8 kobolds
  A quokka (D:2)
  A ball python (D:3)
  4 bats
  2 frilled lizards
  8 rats
63 creatures vanquished.

Notes
Turn   | Place    | Note
-------+----------+-------------------------------------------
     0 | D:1      | GordonOverkill the Hill Orc Wanderer began the quest for the Orb.
     0 | D:1      | GordonOverkill set off with: a +2 falchion, a potion of curing, a scroll of teleportation, a +0 robe, a +0 dagger, a bread ration
     0 | D:1      | Reached XP level 1. HP: 16/16 MP: 1/1
   108 | D:1      | Reached XP level 2. HP: 22/25 MP: 2/2
   604 | D:1      | Reached XP level 3. HP: 26/31 MP: 3/3
  1575 | D:2      | Reached skill level 1 in Axes
  1927 | D:3      | Reached skill level 2 in Axes
  1927 | D:3      | Reached XP level 4. HP: 20/40 MP: 4/4
  2535 | D:3      | Noticed Ijyb
  2550 | D:3      | Killed Ijyb
  2550 | D:3      | Reached skill level 3 in Axes
  2625 | D:3      | Noticed Sigmund
  2923 | D:4      | Found a bloodstained altar of Trog.
  2964 | D:5      | Entered Level 5 of the Dungeon
  3153 | D:5      | Noticed a sky beast
  3167 | D:4      | Reached skill level 4 in Axes
  3167 | D:4      | Reached XP level 5. HP: 15/46 MP: 5/5
  3482 | D:4      | Found a white marble altar of Elyvilon.
  3735 | D:4      | Reached skill level 5 in Axes
  3757 | D:4      | Reached skill level 6 in Axes
  3757 | D:4      | Reached XP level 6. HP: 11/52 MP: 6/6
  4702 | D:4      | Killed from afar by an orc priest

Vault maps used:
D:1:      dpeg_arrival_signposts
D:3:      first_bread, minivault_25, due_unseen_surprise, uniq_sigmund,
          uniq_iyjb
D:4:      old_standard_altar, lemuel_crystal_altar, uniq_crazy_yiuf_cottage
D:5:      old_forge, nicolae_overflow_hidden_temple, elyvilon_altar_3

Skill      XL: |  1  2  3  4  5 |
---------------+----------------+-----
Fighting       | 2 3 4 |  4.0
Axes           | 2 4 6 |  6.5
Long Blades    | |  3.2
Staves         | |  1.0
Dodging        | |  1.0
Stealth        | |  2.4
Evocations     | |  1.0

Action                   |  1- 3 |  4- 6 || total
-------------------------+-------+-------++-------
Melee: Falchion          |    59 |       ||    59
       War axe           |    38 |   135 ||   173
  Use: Scroll            |     3 |     8 ||    11
       Potion            |       |     7 ||     7
 Stab: Sleeping          |     3 |       ||     3
       Invisible         |       |     1 ||     1
  Eat: Chunk             |     3 |     4 ||     7
       Beef jerky        |       |     3 ||     3
Armor: Robe              |     5 |       ||     5
       Ring mail         |    19 |     8 ||    27
       Scale mail        |       |    88 ||    88
Dodge: Dodged            |    60 |   109 ||   169
       Rpst.: Falchion   |     7 |       ||     7
